 Dungeon Crawl Stone Soup version 0.16.2-12-gd0ad4c3 (webtiles) character file.

105331 faibistes the Eclecticist (level 15, -4/89 HPs)
             Began as a Deep Elf Wizard on Jan 22, 2018.
             Was the Champion of Sif Muna.
             Slain by a glaive of chopping (7 damage)
             ... on level 2 of the Elven Halls on Jan 23, 2018.
             The game lasted 03:00:36 (50170 turns).

faibistes the Eclecticist (Deep Elf Wizard)        Turns: 50170, Time: 03:00:36

Health: -4/89      AC:  7    Str:  4    XL:     15   Next: 94%
Magic:  44/49      EV: 20    Int: 41    God:    Sif Muna [******]
Gold:   259        SH:  0    Dex: 18    Spells: 11 memorised, 1 level left

rFire  + . .     SeeInvis .     w - +6 dagger of the Lettuce {speed, rF+ Int+3}
rCold  . . .     Clarity  .     t - +2 robe of the Lost Cities {rN+ MP+9 Stlth-}
rNeg   + . .     SustAb   .     (no shield)
rPois  .         Gourm    .     b - +0 hat
rElec  .         Spirit   .     R - +2 cloak {+Inv}
rCorr  +         Warding  .     (no gloves)
rMut   .         Stasis   .     (no boots)
MR     .....                    f - amulet of resist corrosion
Stlth  +.........               H - ring of wizardry
                                N - ring "Pniunu" {Contam +Fly MR- Int+8 Dex+5}

@: slowed, repel missiles, very slow, not resistant to hostile enchantments,
very unstealthy
A: no striking features
a: Channel Energy, Forget Spell, Renounce Religion, Evoke Invisibility, Evoke
Flight


You were on level 2 of the Elven Halls.
You worshipped Sif Muna.
Sif Muna was exalted by your worship.
You were not hungry.

You visited 5 branches of the dungeon, and saw 27 of its levels.

You collected 2975 gold pieces.
You spent 2716 gold pieces at shops.

Inventory:

Hand weapons
 w - the +6 dagger of the Lettuce (weapon) {speed, rF+ Int+3}
   (You bought it in a shop on level 4 of the Orcish Mines)

   Attacks with this weapon are significantly faster.
   It affects your intelligence (+3).
   It protects you from fire.
Armour
 b - a +0 hat (worn)
 t - the +2 robe of the Lost Cities (worn) {rN+ MP+9 Stlth-}
   (You found it on level 2 of the Lair of Beasts)

   It protects you from negative energy.
   It affects your magic capacity (+9).
   It makes you less stealthy.
 R - a +2 cloak of invisibility (worn)
 V - a +2 robe of magic resistance
Magical staves
 M - an uncursed staff of cold
 P - an uncursed staff of conjuration
Jewellery
 f - an amulet of resist corrosion (around neck)
 r - an uncursed amulet of resist mutation
 H - a ring of wizardry (right hand)
 L - an uncursed amulet of stasis
 N - the ring "Pniunu" (left hand) {Contam +Fly MR- Int+8 Dex+5}
   (You found it on level 10 of the Dungeon)

   [ring of flight]

   It affects your intelligence (+8).
   It affects your dexterity (+5).
   It affects your resistance to hostile enchantments.
   It lets you fly.
   It causes magical contamination when unequipped.
 Q - an uncursed ring of fire
 S - a +6 ring of slaying
Magical devices
 a - a wand of polymorph (7)
 c - a wand of fire (6)
 e - a wand of draining (0)
 y - a wand of disintegration (14)
 B - a wand of slowing (23)
 D - a wand of paralysis (16)
 J - a wand of draining (7)
 K - a wand of digging (10)
 O - a wand of lightning (8)
 T - a wand of fireball (3)
Scrolls
 g - 8 scrolls of teleportation
 j - 3 scrolls of recharging
 o - a scroll of blinking
 q - 4 scrolls of fear
 u - 2 scrolls of fog
 v - 6 scrolls of identify
 x - 2 scrolls of magic mapping
 Z - 6 scrolls of remove curse
Potions
 k - 4 potions of magic
 l - 3 potions of flight
 m - 2 potions of heal wounds
 s - 3 potions of invisibility
 z - 3 potions of restore abilities
 E - 2 potions of cure mutation
 F - a potion of haste
 I - 4 potions of curing
 X - a potion of ambrosia
Books
 n - Lehudib's Catalogue of Blistering Conjuration
   (You found it on level 1 of the Elven Halls)

   Spells                             Type                      Level
   a - Magic Dart                     Conjuration                  1
   b - Sting                          Conjuration/Poison           1
   c - Throw Flame                    Conjuration/Fire             2
   d - Static Discharge               Conjuration/Air              3
   e - Iskenderun's Mystic Blast      Conjuration                  4
   f - Fireball                       Conjuration/Fire             5
 U - a book of the Tempests

   Spells                             Type                      Level
   a - Static Discharge               Conjuration/Air              3
   b - Lightning Bolt                 Conjuration/Air              5
   c - Fireball                       Conjuration/Fire             5
   d - Tornado                        Air                          9
   e - Shatter                        Earth                        9
Miscellaneous
 p - a sack of spiders
 C - a lamp of fire
Comestibles
 d - 12 bread rations
 h - 6 meat rations
 i - 12 beef jerkies
 A - a chunk of flesh
 G - 11 royal jellies


   Skills:
 + Level 8.4 Fighting
 - Level 10.2 Dodging
 - Level 2.4 Stealth
 * Level 16.5 Spellcasting
 * Level 9.8 Conjurations
 + Level 10.5 Charms
 - Level 5.0 Summonings
 - Level 7.0 Translocations
 - Level 3.5 Transmutations
 * Level 9.5 Fire Magic
 - Level 5.0 Air Magic
 * Level 9.7 Earth Magic
 - Level 2.3 Poison Magic
 - Level 10.0 Invocations
 - Level 9.0 Evocations


You had one spell level left.
You knew the following spells:

 Your Spells              Type           Power        Failure   Level  Hunger
a - Airstrike             Air            ######....   1%          4    None
b - Conjure Flame         Conj/Fire      #######.     1%          3    None
c - Summon Lightning Spi  Summ/Air       ######..     1%          4    None
d - Blink                 Tloc           N/A          1%          2    None
e - Poisonous Cloud       Conj/Pois/Air  ######....   6%          6    None
f - Repel Missiles        Chrm/Air       ######       1%          2    None
i - Ignite Poison         Fire/Trmt      ######....   1%          5    None
l - Lee's Rapid Deconstr  Erth           #######...   1%          5    None
v - Bolt of Fire          Conj/Fire      #######...   1%          6    None
x - Force Lance           Conj/Tloc      #######.     1%          4    None
z - Fireball              Conj/Fire      #######...   1%          5    None


Dungeon Overview and Level Annotations

Branches:
Dungeon (12/15)            Temple (1/1) D:4            Lair (8/8) D:10
  Swamp (0/5) Lair:6       Spider (0/5) Lair:5        Slime (0/6) Lair:6
    Orc (4/4) D:11            Elf (2/3) Orc:4

Altars:
Ashenzari
Cheibriados
Dithmenos
Elyvilon
Fedhas
Gozag
Kikubaaqudgha
Makhleb
Nemelex Xobeh
Okawaru
Qazlal
Ru
Sif Muna
Trog
Vehumet
Xom
Yredelemnul
Zin
The Shining One

Shops:
D:9 (   D:11 %   Orc:4 (:*!


Message History

Read which item? (? for menu, Esc to quit)
As you read the scroll of teleportation, it crumbles to dust.
You feel strangely unstable.
You feel sick.
The glaive of pain completely misses you.
Drink which item? (? for menu, Esc to quit)
You feel better. The glaive of pain misses you.
Your surroundings suddenly seem different.
A deep elf knight comes into view. It is wielding a long sword.
The deep elf knight shouts!
The runed glaive hits you from afar!!
* * * LOW HITPOINT WARNING * * *
x2 A deep elf fighter comes into view. It is wielding a short sword.
The deep elf fighter casts a spell at you.
You feel yourself slow down. 3 dancing weapons come into view.
Drink which item? (? for menu, Esc to quit)
You feel much better.
The glaive of chopping hits you from afar!!
* * * LOW HITPOINT WARNING * * *
You die...

# ##....
##....
#.....
#....
#...#
#...##
#...(#
#.@..#
#.....#
#.........
#.(.e...e.
#.........
#........
#..(....
#.....#
...


You could see a deep elf knight, a deep elf fighter and 3 dancing weapons.

Vanquished Creatures
  Rupert (Lair:5)
  Maud (Lair:5)
  A deep elf sorcerer (Elf:1)
  The ghost of faibistes the Eclecticist, a powerful DEWz of Sif Muna (Elf:1)
  Josephine (Orc:3)
  Harold (Orc:2)
  7 hydras
  A catoblepas (Lair:7)
  Erica (Lair:3)
  3 centaur warriors (Orc:4)
  2 dancing weapons (Elf:2)
  13 death yaks
  Nergalle (Lair:3)
  The ghost of faibistes the Thaumaturge, an experienced DEWz of Sif Muna (D:9)
  9 deep elf knights
  An unseen horror (shapeshifter) (Elf:2)
  6 deep elf summoners
  An ugly thing (D:11)
  2 hill giants
  5 orc knights
  8 deep elf conjurers
  2 orc sorcerers
  2 griffons
  Maurice (D:11)
  A sixfirhy (D:11)
  9 elephants
  2 black mambas
  A torpor snail (Lair:5)
  16 spiny frogs
  9 komodo dragons
  A centaur skeleton (D:11)
  A komodo dragon (shapeshifter) (Elf:2)
  3 trolls
  2 kobold demonologists (D:11)
  8 deep elf priests
  4 fire drakes (Lair:4)
  Sonja (D:10)
  13 blink frogs
  A two-headed ogre (D:11)
  2 giant leeches (Lair:8)
  A polar bear (D:10)
  A jumping spider (Elf:2)
  A boulder beetle (Orc:3)
  5 wraiths
  A redback (Elf:1)
  A hungry ghost (D:8)
  A shadow (D:9)
  18 deep elf magi
  11 hippogriffs
  6 wyverns
  A human (shapeshifter) (Elf:1)
  8 basilisks
  3 humans (Lair:2)
  2 vampire mosquitoes
  20 deep elf fighters
  3 insubstantial wisps (Lair:6)
  34 yaks
  Edmund (D:7)
  Menkaure (D:6)
  10 water moccasins
  15 porcupines
  A spiny frog skeleton (Lair:2)
  34 orc warriors
  A black bear (D:10)
  3 ice beasts
  11 ogres
  A lightning spire (Lair:7)
  3 boring beetles
  17 centaurs
  A sky beast (D:7)
  Sigmund (D:6)
  Duvessa (D:6)
  15 crocodiles
  An elephant skeleton (Lair:7)
  A gnoll sergeant (D:10)
  2 brain worms (D:8)
  Blork the orc (D:4)
  28 giant frogs
  4 big kobolds
  9 scorpions
  2 wyvern skeletons
  A water moccasin skeleton (Lair:2)
  3 killer bees (D:11)
  6 electric eels
  A yak skeleton (Lair:7)
  4 goliath beetles
  Dowan (D:5)
  11 hounds
  6 crimson imps
  A giant frog zombie (D:9)
  2 jellies
  A quasit (D:8)
  4 giant frog skeletons
  27 orc priests
  11 iguanas
  2 elf skeletons (Elf:1)
  2 hell rats
  14 worker ants
  28 orc wizards
  A killer bee zombie (D:8)
  14 sheep
  Ijyb (D:4)
  A giant frog simulacrum (D:10)
  A centaur simulacrum (D:10)
  A crocodile skeleton (Lair:1)
  3 hound zombies
  2 hound skeletons
  3 mummies
  15 adders
  12 gnolls
  2 shadow imps (D:6)
  32 river rats
  2 giant mites
  4 white imps
  4 worms
  An ufetubus (D:10)
  3 adder skeletons
  2 adder zombies
  5 giant geckos
  210 orcs
  2 ball pythons (D:3)
  18 bats
  A bat skeleton (D:4)
  A bat zombie (D:5)
  6 giant cockroaches
  24 goblins
  21 hobgoblins
  4 jackals
  32 kobolds
  14 quokkas
  A ball python skeleton (D:5)
  4 giant newts
  A jackal skeleton (D:4)
  A quokka skeleton (D:8)
  15 rats
  4 river rat skeletons
  6 ballistomycetes (D:11)
  8 fungi
  2 plants
1036 creatures vanquished.

Vanquished Creatures (collateral kills)
  2 hydras
  Fannar (Lair:2)
  2 death yaks (Lair:6)
  3 deep elf knights (Elf:1)
  A fire crab (Lair:7)
  A hill giant (D:11)
  An orc knight (Orc:3)
  2 deep elf conjurers
  5 elephants
  5 spiny frogs
  3 black mambas
  6 komodo dragons
  3 fire drakes
  2 giant leeches
  A polar bear (Lair:7)
  A boulder beetle (Lair:8)
  4 blink frogs
  A deep elf fighter (Elf:1)
  11 yaks
  3 hippogriffs
  3 humans (Lair:2)
  A warg (Orc:1)
  3 deep elf magi (Elf:1)
  5 wyverns
  A vampire mosquito (Lair:7)
  A lightning spire (Elf:1)
  3 porcupines
  3 water moccasins
  An ice beast (Lair:2)
  A black bear (D:11)
  2 orc warriors (Orc:3)
  A big kobold (D:11)
  3 crocodiles
  4 giant frogs
  2 yak skeletons (Lair:7)
  An orc priest (Orc:3)
  4 iguanas
  2 giant frog skeletons
  4 hounds
  An orc wizard (Orc:1)
  A worker ant (D:5)
  6 spectral orcs (Lair:3)
  5 hell rats (Lair:5)
  5 sheep (Lair:2)
  A hound skeleton (Lair:2)
  4 adders
  A hell rat skeleton (Lair:5)
  A gnoll (D:10)
  27 river rats
  A white imp (Lair:7)
  A sheep skeleton (Lair:2)
  42 orcs
  A bat (D:5)
  A hobgoblin (Orc:3)
  A jackal (Lair:2)
  3 quokkas
  5 goblins
  3 fungi
  5 plants
218 creatures vanquished.

Vanquished Creatures (others)
  A deep elf summoner (Elf:1)
  4 centaur skeletons (Orc:4)
  2 death yak skeletons (Lair:7)
  A catoblepas skeleton (Lair:7)
  2 hydra skeletons
  A griffon skeleton (Lair:7)
  2 black mamba skeletons
  A deep elf fighter (Elf:1)
  4 spiny frog skeletons
  3 blink frog skeletons
  3 elephant skeletons (Lair:8)
  12 lightning spires
  3 wyvern skeletons
  4 komodo dragon skeletons
  A water moccasin skeleton (Lair:7)
  A hippogriff skeleton (Lair:4)
  A troll skeleton (Orc:3)
  13 yak skeletons
  An iron imp (Lair:2)
  9 giant frog skeletons
  2 elf skeletons (Elf:1)
  3 basilisk skeletons
  4 human skeletons
  A black bear skeleton (D:10)
  6 porcupine skeletons
  5 crocodile skeletons
  2 hound skeletons
  A big kobold skeleton (D:11)
  4 hell rat skeletons (Lair:5)
  A white imp (D:5)
  3 sheep skeletons
  2 adder skeletons
  3 electric eel skeletons
  An iguana skeleton (D:10)
  3 orcs
  A goblin (Orc:4)
  A giant spore (D:11)
  4 goblin skeletons
  2 hobgoblin skeletons
  2 kobold skeletons
  83 orc skeletons
  3 quokka skeletons
  16 river rat skeletons
  61 fungi
  46 plants
329 creatures vanquished.

Grand Total: 1583 creatures vanquished

Notes
Turn   | Place    | Note
--------------------------------------------------------------
     0 | D:1      | faibistes, the Deep Elf Wizard, began the quest for the Orb.
     0 | D:1      | Reached XP level 1. HP: 10/10 MP: 6/6
   354 | D:1      | Reached XP level 2. HP: 15/15 MP: 1/9
   358 | D:1      | Learned a level 2 spell: Blink
   361 | D:1      | Learned a level 2 spell: Call Imp
  1058 | D:2      | Reached XP level 3. HP: 17/19 MP: 2/13
  1094 | D:2      | Learned a level 3 spell: Conjure Flame
  1098 | D:2      | Learned a level 3 spell: Mephitic Cloud
  1694 | D:2      | Reached skill level 5 in Spellcasting
  1694 | D:2      | Reached XP level 4. HP: 20/24 MP: 9/17
  1701 | D:2      | Learned a level 2 spell: Repel Missiles
  2153 | D:2      | Found a stormy altar of Qazlal.
  2596 | D:2      | Reached XP level 5. HP: 25/28 MP: 14/20
  3287 | D:3      | Found a bloodstained altar of Trog.
  3287 | D:3      | Found an iron altar of Okawaru.
  3325 | D:4      | Noticed an ogre
  3336 | D:4      | Killed an ogre
  3336 | D:4      | Reached skill level 6 in Spellcasting
  3336 | D:4      | Reached XP level 6. HP: 12/32 MP: 11/22
  3853 | D:4      | Noticed an ogre
  3859 | D:4      | Killed an ogre
  3866 | D:4      | Reached skill level 1 in Fighting
  4445 | D:5      | Entered Level 5 of the Dungeon
  4482 | D:5      | Reached XP level 7. HP: 29/40 MP: 4/24
  4684 | D:5      | Reached skill level 7 in Spellcasting
  4772 | D:6      | Noticed Duvessa
  5134 | D:4      | Reached skill level 5 in Dodging
  5138 | D:4      | Noticed Ijyb
  5143 | D:4      | Noticed Blork the orc
  5158 | D:4      | Killed Blork the orc
  5163 | D:4      | Killed Ijyb
  5941 | D:4      | Found a staircase to the Ecumenical Temple.
  5949 | Temple   | Entered the Ecumenical Temple
  6270 | D:4      | Found an opulent altar of Gozag.
  6546 | D:5      | Reached skill level 8 in Spellcasting
  6662 | D:5      | Reached skill level 1 in Evocations
  6751 | D:5      | Reached XP level 8. HP: 34/46 MP: 9/27
  7631 | D:6      | Noticed Dowan
  7644 | D:6      | Killed Duvessa
  7644 | D:6      | Reached skill level 9 in Spellcasting
  7762 | D:5      | Killed Dowan
  7930 | D:6      | Noticed Menkaure
  7948 | D:6      | Killed Menkaure
  8554 | D:6      | Noticed Sigmund
  8643 | D:6      | Killed Sigmund
  9038 | D:6      | Reached XP level 9. HP: 50/53 MP: 20/30
  9282 | D:6      | Reached skill level 10 in Spellcasting
  9294 | D:6      | Reached skill level 5 in Fighting
  9375 | D:6      | Found a radiant altar of Vehumet.
 10552 | D:7      | Noticed Edmund
 10558 | D:7      | Killed Edmund
 11046 | D:7      | Found an ancient bone altar of Kikubaaqudgha.
 11595 | D:8      | Found a blossoming altar of Fedhas.
 11788 | D:8      | Found a deep blue altar of Sif Muna.
 11799 | D:8      | Became a worshipper of Sif Muna the Loreminder
 11833 | D:8      | Identified Sif Muna's Catalogue of Darkness
 11885 | D:8      | Learned a level 1 spell: Animate Skeleton
 11950 | D:8      | Reached skill level 1 in Air Magic
 12052 | D:8      | Reached skill level 1 in Fire Magic
 12168 | D:8      | Identified a scroll of acquirement
 12169 | D:8      | Identified the Compendium of Weightlessness (You acquired it on level 8 of the Dungeon)
 12175 | D:8      | Learned a level 4 spell: Airstrike
 12180 | D:8      | Learned a level 4 spell: Summon Lightning Spire
 12288 | D:9      | Found Kisog's Antique Weapon Shoppe.
 12288 | D:9      | Noticed a hill giant
 12300 | D:8      | Found a basalt altar of Yredelemnul.
 12461 | D:8      | Reached skill level 1 in Poison Magic
 12554 | D:8      | Reached skill level 11 in Spellcasting
 13010 | D:8      | Acquired Sif Muna's first power
 13010 | D:8      | Reached XP level 10. HP: 60/60 MP: 23/32
 13610 | D:10     | Entered Level 10 of the Dungeon
 13610 | D:10     | Noticed a hill giant
 13619 | D:10     | HP: 1/60 [hill giant/giant spiked club (41)]
 13621 | D:10     | Killed a hill giant
 14303 | D:9      | Noticed faibistes' ghost (experienced DEWz)
 14370 | D:9      | Killed faibistes' ghost
 14370 | D:9      | Acquired Sif Muna's second power
 14370 | D:9      | Reached skill level 5 in Conjurations
 14504 | D:9      | Killed a hill giant
 14921 | D:9      | Reached skill level 1 in Invocations
 15414 | D:10     | Reached skill level 12 in Spellcasting
 15559 | D:10     | Reached skill level 1 in Charms
 15639 | D:10     | Noticed a death yak
 15641 | D:10     | Killed a death yak
 15641 | D:10     | Reached skill level 5 in Evocations
 15645 | D:10     | Reached XP level 11. HP: 64/64 MP: 30/34
 15881 | D:11     | Found Gahu Vaf's Food Shoppe.
 15959 | D:10     | Found an ancient bone altar of Kikubaaqudgha.
 16126 | D:10     | Found a staircase to the Lair.
 16221 | D:10     | Noticed Sonja
 16225 | D:10     | Killed Sonja
 16225 | D:10     | Reached skill level 5 in Summonings
 16940 | D:10     | Got a glittering granite ring
 16942 | D:10     | Identified the ring "Pniunu" {Contam +Fly MR- Int+8 Dex+5} (You found it on level 10 of the Dungeon)
 17739 | Lair:1   | Entered Level 1 of the Lair of Beasts
 19037 | Lair:1   | Found a deep blue altar of Sif Muna.
 19057 | Lair:1   | Learned a level 4 spell: Petrify
 19063 | Lair:1   | Learned a level 5 spell: Lee's Rapid Deconstruction
 19623 | Lair:1   | Acquired Sif Muna's third power
 19703 | Lair:2   | Reached skill level 5 in Air Magic
 19703 | Lair:2   | Reached skill level 1 in Earth Magic
 20473 | Lair:2   | Got a warped robe
 20484 | Lair:2   | Identified the +2 robe of the Lost Cities {rN+ MP+9 Stlth-} (You found it on level 2 of the Lair of Beasts)
 21010 | Lair:2   | Reached skill level 1 in Transmutations
 21028 | Lair:2   | Reached skill level 5 in Fire Magic
 21351 | Lair:2   | Noticed Fannar
 21358 | Lair:2   | Noticed a six-headed hydra
 21370 | Lair:2   | Killed a six-headed hydra
 21523 | Lair:2   | Killed Fannar
 21523 | Lair:2   | Reached XP level 12. HP: 38/71 MP: 28/35
 21781 | Lair:2   | Noticed a six-headed hydra
 21788 | Lair:2   | Killed a six-headed hydra
 22056 | Lair:2   | Noticed a seven-headed hydra
 22059 | Lair:2   | Killed a seven-headed hydra
 22332 | Lair:2   | Reached skill level 13 in Spellcasting
 22853 | Lair:3   | Reached skill level 5 in Charms
 23152 | Lair:3   | Noticed Erica
 23157 | Lair:3   | Killed Erica
 23157 | Lair:3   | Reached skill level 5 in Invocations
 23358 | Lair:3   | Noticed a five-headed hydra
 23381 | Lair:3   | Killed a five-headed hydra
 23472 | Lair:3   | Noticed Nergalle
 23863 | Lair:3   | Killed Nergalle
 24090 | Lair:4   | Noticed a four-headed hydra
 24541 | Lair:3   | Noticed a four-headed hydra
 24556 | Lair:3   | Killed a four-headed hydra
 24573 | Lair:3   | Received a gift from Sif Muna
 24574 | Lair:3   | Identified Seaca's Handbook of Conjuration and Heat (Sif Muna gifted it to you on level 3 of the Lair of Beasts)
 24581 | Lair:3   | Learned a level 5 spell: Bolt of Magma
 25704 | Lair:4   | Reached skill level 5 in Translocations
 25870 | Lair:4   | Killed a four-headed hydra
 25925 | Lair:4   | Reached XP level 13. HP: 76/76 MP: 13/36
 25959 | Lair:4   | Reached skill level 5 in Earth Magic
 26054 | Lair:4   | Noticed a five-headed hydra
 26062 | Lair:4   | Killed a five-headed hydra
 27300 | Lair:5   | Found a hole to the Spider Nest.
 27365 | Lair:5   | Noticed Rupert
 27543 | Lair:5   | Noticed Maud
 27558 | Lair:5   | Killed Maud
 28597 | Lair:5   | Killed Rupert
 28597 | Lair:5   | Reached skill level 14 in Spellcasting
 28765 | Lair:5   | Noticed a four-headed hydra
 28774 | Lair:5   | Killed a four-headed hydra
 29628 | Lair:6   | Found a staircase to the Slime Pits.
 29669 | Lair:6   | Received a gift from Sif Muna
 29670 | Lair:6   | Identified Sif Muna's Reference Book on Confrontation and the Arsonist (Sif Muna gifted it to you on level 6 of the Lair of Beasts)
 29755 | Lair:6   | Learned a level 5 spell: Fireball
 29889 | Lair:6   | Found a staircase to the Swamp.
 30052 | Lair:8   | Entered Level 8 of the Lair of Beasts
 31905 | Lair:7   | Reached XP level 14. HP: 69/82 MP: 15/38
 32884 | Lair:7   | Reached skill level 10 in Dodging
 33747 | Lair:7   | Reached skill level 15 in Spellcasting
 36371 | Lair:8   | Received a gift from Sif Muna
 36372 | Lair:8   | Identified Sif Muna's Collected Works on Damaging Intoxication (Sif Muna gifted it to you on level 8 of the Lair of Beasts)
 37112 | Lair:2   | Learned a level 4 spell: Sticky Flame
 37472 | D:11     | Found a staircase to the Orcish Mines.
 37910 | D:11     | Noticed Maurice
 37914 | D:11     | Killed Maurice
 37917 | D:11     | Noticed a hill giant
 37924 | D:11     | Killed a hill giant
 39197 | Orc:1    | Entered Level 1 of the Orcish Mines
 39832 | Orc:2    | Noticed Harold
 40193 | Orc:2    | Killed Harold
 40755 | Orc:2    | Your ally Harold died
 41612 | Orc:3    | Noticed Josephine
 41615 | Orc:3    | Killed Josephine
 41877 | Orc:2    | Reached XP level 15. HP: 77/88 MP: 28/39
 42139 | Orc:4    | Entered Level 4 of the Orcish Mines
 43392 | Orc:4    | Found a staircase to the Elven Halls.
 44897 | Orc:4    | Found a shimmering altar of Xom.
 45890 | Orc:4    | Found Innoimp's Book Shop.
 45890 | Orc:4    | Found Griwarphu's Assorted Antiques.
 45893 | Orc:4    | Found Wazatt Tomoa's Antique Weapon Boutique.
 45895 | Orc:4    | Found Onkul's Distillery.
 45900 | Orc:4    | Bought a book of the Warp for 1260 gold pieces
 45900 | Orc:4    | Bought a book of the Dragon for 1260 gold pieces
 45902 | Orc:4    | Bought a fine dagger for 196 gold pieces
 45902 | Orc:4    | Identified the +6 dagger of the Lettuce {speed, rF+ Int+3} (You bought it in a shop on level 4 of the Orcish Mines)
 46256 | Lair:2   | Learned a level 4 spell: Force Lance
 46264 | Lair:2   | Learned a level 6 spell: Bolt of Fire
 46274 | Lair:2   | Learned a level 6 spell: Poisonous Cloud
 46422 | Elf:1    | Entered Level 1 of the Elven Halls
 46474 | Elf:1    | Found a radiant altar of Vehumet.
 46902 | Elf:1    | Reached skill level 16 in Spellcasting
 46908 | Elf:1    | Received a gift from Sif Muna
 46913 | Elf:1    | Identified Sif Muna's Incunabulum of Changing and Attacks (Sif Muna gifted it to you on level 1 of the Elven Halls)
 46933 | Elf:1    | Learned a level 5 spell: Ignite Poison
 47327 | Elf:1    | Reached skill level 10 in Charms
 47328 | Elf:1    | Reached skill level 10 in Invocations
 47885 | Elf:1    | Noticed faibistes' ghost (powerful DEWz)
 48524 | Elf:1    | Killed faibistes' ghost
 48759 | Elf:1    | Identified Lehudib's Catalogue of Blistering Conjuration
 49448 | Elf:2    | Found a runed gate.
 49449 | Elf:2    | Found a runed gate.
 49449 | Elf:2    | Found a runed gate.
 49701 | Elf:2    | Found a deep blue altar of Sif Muna.
 50170 | Elf:2    | HP: 3/89 [glaive of chopping (27)]
 50170 | Elf:2    | Slain by a glaive of chopping

Action                   |  1- 3 |  4- 6 |  7- 9 | 10-12 | 13-15 || total
-------------------------+-------+-------+-------+-------+-------++-------
Melee: Dagger            |    16 |    64 |   121 |   324 |   231 ||   756
 Cast: Magic Dart        |    75 |   107 |   440 |   285 |    43 ||   950
       Mephitic Cloud    |       |    15 |    29 |    62 |    18 ||   124
       Blink             |       |     5 |     4 |    25 |     8 ||    42
       Conjure Flame     |       |     4 |    48 |    92 |    58 ||   202
       Repel Missiles    |       |     1 |       |     3 |       ||     4
       Call Imp          |       |       |     3 |     1 |       ||     4
       Animate Skeleton  |       |       |     1 |    70 |   231 ||   302
       Airstrike         |       |       |       |    39 |    89 ||   128
       Summon Lightning  |       |       |       |    24 |    31 ||    55
       Lee's Rapid Decon |       |       |       |    43 |   141 ||   184
       Petrify           |       |       |       |    12 |    30 ||    42
       Bolt of Magma     |       |       |       |       |   141 ||   141
       Fireball          |       |       |       |       |   218 ||   218
       Sticky Flame      |       |       |       |       |    49 ||    49
       Poisonous Cloud   |       |       |       |       |    19 ||    19
       Bolt of Fire      |       |       |       |       |    15 ||    15
       Force Lance       |       |       |       |       |    15 ||    15
       Ignite Poison     |       |       |       |       |    14 ||    14
Invok: Channel Energy    |       |       |       |     2 |    52 ||    54
       Forget Spell      |       |       |       |       |     1 ||     1
Evoke: Wand              |       |       |     2 |       |       ||     2
  Use: Potion            |       |     1 |       |     3 |     4 ||     8
       Scroll            |       |     1 |    18 |    12 |    14 ||    45
 Stab: Confused          |       |     6 |     2 |    11 |     3 ||    22
       Sleeping          |       |       |     4 |     1 |       ||     5
       Petrified         |       |       |       |     2 |       ||     2
       Distracted        |       |       |       |     1 |     1 ||     2
  Eat: Chunk             |     2 |     8 |    24 |    34 |    63 ||   131
       Fruit             |       |       |     4 |     4 |    17 ||    25
       Pizza             |       |       |       |     1 |     1 ||     2
       Beef jerky        |       |       |       |       |     2 ||     2
